| TOP OF THE 1ST |
|
Arkansas Travelers batting - Pitching for Akron RubberDucks : RHP Fomio Tashima
|
|
Pitching: RHP Fomio Tashima
|
|
|
Batting: SHB Butch Brown
|
0-0: Ball 1-0: Ball 2-0: Called Strike 2-1: Foul Ball, location: 2F 2-2: Ball 3-2: Strikes out swinging
|
|
Batting: RHB Luis Romero
|
0-0: Ball 1-0: Ball 2-0: Ball 3-0: Base on Balls
|
|
Batting: LHB Justin Alexander
|
0-0: Swinging Strike 0-1: Swinging Strike 0-2: Ball 1-2: Foul Ball, location: 2F 1-2: Ball 2-2: Ball 3-2: Strikes out swinging
|
|
Batting: RHB Jonathan Ellis
|
0-0: Called Strike 0-1: Ball 1-1: Ball 2-1: Hit by Pitch Luis Romero to second
|
|
Batting: RHB Mike Alm
|
0-0: Called Strike 0-1: Ball 1-1: Swinging Strike 1-2: Strikes out swinging
|
| Top of the 1st over - 0 runs, 0 hits, 0 errors, 2 left on base; Arkansas 0 - Akron 0 |
| BOTTOM OF THE 1ST |
|
Akron RubberDucks batting - Pitching for Arkansas Travelers : RHP Erick Vazquez
|
|
Pitching: RHP Erick Vazquez
|
|
|
Batting: SHB Arturo Baez
|
0-0: Foul Ball, location: 2F 0-1: Foul Ball, location: 2F 0-2: Ball 1-2: Strikes out looking
|
|
Batting: RHB Willie Gonzales
|
0-0: Foul Ball, location: 2F 0-1: Fly out, F7 (Line Drive, 78M, EV 86.2 MPH)
|
|
Batting: RHB Carlos Abrego
|
0-0: Ball 1-0: DOUBLE (Line Drive, 3D, EV 97.5 MPH)
|
|
Batting: LHB Costodio Varino
|
0-0: Ball 1-0: Ball 2-0: Ball 3-0: Called Strike 3-1: Swinging Strike 3-2: Base on Balls
|
|
Batting: LHB Justin Rankin
|
0-0: Ball 1-0: Ball 2-0: Called Strike 2-1: SINGLE (Line Drive, 9LS, EV 86.2 MPH) Carlos Abrego to third Costodio Varino to second Runner from 3rd tries for Home, SAFE, throw by RF to home
|
|
Batting: LHB Sam Ogg
|
0-0: Ball 1-0: Fielders Choice at 2nd, 6-4 (Groundball, 6, EV 92.5 MPH)
|
| Bottom of the 1st over - 1 run, 2 hits, 0 errors, 2 left on base; Arkansas 0 - Akron 1 |
| TOP OF THE 2ND |
|
Arkansas Travelers batting - Pitching for Akron RubberDucks : RHP Fomio Tashima
|
|
Batting: LHB Barrfhionn O'Toole
|
0-0: Called Strike 0-1: Foul Ball, location: 2F 0-2: Strikes out looking
|
|
Batting: RHB Ryan Pelletier
|
0-0: Ground out 6-3 (Groundball, 6, EV 80.0 MPH)
|
|
Batting: RHB Jose Ramirez
|
0-0: Fly out, F9 (Line Drive, 9, EV 107.5 MPH)
|
| Top of the 2nd over - 0 runs, 0 hits, 0 errors, 0 left on base; Arkansas 0 - Akron 1 |
| BOTTOM OF THE 2ND |
|
Akron RubberDucks batting - Pitching for Arkansas Travelers : RHP Erick Vazquez
|
|
Batting: RHB Eric Kuck
|
0-0: Called Strike 0-1: Called Strike 0-2: Strikes out swinging, 2-3 out at first.
|
|
Batting: RHB Greg Harden
|
0-0: Ball 1-0: Swinging Strike 1-1: Swinging Strike 1-2: Ball 2-2: Strikes out swinging
|
|
Batting: LHB Yasuo Igarashi
|
0-0: Swinging Strike 0-1: Foul Ball, location: 2F 0-2: Fly out, F6 (Popup, 6M, EV 61.2 MPH)
|
| Bottom of the 2nd over - 0 runs, 0 hits, 0 errors, 0 left on base; Arkansas 0 - Akron 1 |
| TOP OF THE 3RD |
|
Arkansas Travelers batting - Pitching for Akron RubberDucks : RHP Fomio Tashima
|
|
Batting: RHB Timoleon Tsikouna
|
0-0: Ball 1-0: Ball 2-0: Called Strike 2-1: Ball 3-1: Foul Ball, location: 2F 3-2: Ground out 1-3 (Groundball, P, EV 67.5 MPH)
|
|
Batting: SHB Butch Brown
|
0-0: Ball 1-0: Foul Ball, location: 2F 1-1: Called Strike 1-2: Foul Ball, location: 2F 1-2: SINGLE (Groundball, 6M, EV 100.6 MPH)
|
|
Batting: RHB Luis Romero
|
0-0: Called Strike Butch Brown steals 2nd base 0-1: SINGLE (Flyball, 4D, EV 87.5 MPH) Butch Brown to third
|
|
Batting: LHB Justin Alexander
|
0-0: Ball 1-0: Called Strike Luis Romero steals 2nd base 1-1: SINGLE (Line Drive, 34, EV 100.6 MPH) Butch Brown scores Luis Romero to third
|
|
Batting: RHB Jonathan Ellis
|
0-0: Called Strike 0-1: Foul Ball, location: 2F 0-2: Ball 1-2: Grounds into double play, 5-4-3 (Groundball, 56, EV 87.5 MPH)
|
| Top of the 3rd over - 1 run, 3 hits, 0 errors, 1 left on base; Arkansas 1 - Akron 1 |
| BOTTOM OF THE 3RD |
|
Akron RubberDucks batting - Pitching for Arkansas Travelers : RHP Erick Vazquez
|
|
Batting: SHB Arturo Baez
|
0-0: Called Strike 0-1: Ball 1-1: Ball 2-1: Fly out, F8 (Flyball, 78D, EV 96.2 MPH)
|
|
Batting: RHB Willie Gonzales
|
0-0: Ball 1-0: Ground out 6-3 (Groundball, 6, EV 98.8 MPH)
|
|
Batting: RHB Carlos Abrego
|
0-0: Ball 1-0: Called Strike 1-1: Swinging Strike 1-2: Ball 2-2: Strikes out swinging
|
| Bottom of the 3rd over - 0 runs, 0 hits, 0 errors, 0 left on base; Arkansas 1 - Akron 1 |
| TOP OF THE 4TH |
|
Arkansas Travelers batting - Pitching for Akron RubberDucks : RHP Fomio Tashima
|
|
Batting: RHB Mike Alm
|
0-0: Swinging Strike 0-1: Swinging Strike 0-2: Foul Ball, location: 2F 0-2: Ball 1-2: Foul Ball, location: 2F 1-2: Strikes out swinging
|
|
Batting: LHB Barrfhionn O'Toole
|
0-0: SINGLE (Line Drive, 4D, EV 95.6 MPH)
|
|
Batting: RHB Ryan Pelletier
|
0-0: Ball Barrfhionn O'Toole steals 2nd base 1-0: Ball 2-0: Fly out, F9 (Flyball, 9S, EV 91.9 MPH)
|
|
Batting: RHB Jose Ramirez
|
0-0: Called Strike 0-1: Ball 1-1: SINGLE (Line Drive, 6MD, EV 104.4 MPH) Barrfhionn O'Toole to third Runner from 3rd tries for Home, SAFE, throw by CF to home
|
|
Batting: RHB Timoleon Tsikouna
|
0-0: Ball 1-0: Reached on error, E6 (Groundball, 6D, EV 101.9 MPH) Jose Ramirez to third
|
|
Batting: SHB Butch Brown
|
0-0: Fly out, F9 (Flyball, 9, EV 90.6 MPH)
|
| Top of the 4th over - 1 run, 2 hits, 1 error, 2 left on base; Arkansas 2 - Akron 1 |
| BOTTOM OF THE 4TH |
|
Akron RubberDucks batting - Pitching for Arkansas Travelers : RHP Erick Vazquez
|
|
Batting: LHB Costodio Varino
|
0-0: Called Strike 0-1: Fly out, F8 (Flyball, 78M, EV 91.9 MPH)
|
|
Batting: LHB Justin Rankin
|
0-0: Ball 1-0: Ball 2-0: Fly out, F4 (Popup, 34S, EV 74.4 MPH)
|
|
Batting: LHB Sam Ogg
|
0-0: Fly out, F7 (Flyball, 7S, EV 85.6 MPH)
|
| Bottom of the 4th over - 0 runs, 0 hits, 0 errors, 0 left on base; Arkansas 2 - Akron 1 |
| TOP OF THE 5TH |
|
Arkansas Travelers batting - Pitching for Akron RubberDucks : RHP Fomio Tashima
|
|
Batting: RHB Luis Romero
|
0-0: Ball 1-0: Ball 2-0: Foul Ball, location: 2F 2-1: Ball 3-1: Base on Balls
|
|
Batting: LHB Justin Alexander
|
0-0: Called Strike Luis Romero steals 2nd base 0-1: Ball 1-1: Ground out 3-1 (Groundball, 34S, EV 89.4 MPH) Luis Romero to third
|
|
Batting: RHB Jonathan Ellis
|
0-0: Foul Ball, location: 2F 0-1: Ball 1-1: SINGLE (Groundball, 3S, EV 67.5 MPH) (infield hit) Luis Romero scores
|
|
Batting: RHB Mike Alm
|
0-0: Ball 1-0: Ball Jonathan Ellis steals 2nd base (no throw) 2-0: SINGLE (Groundball, 6M, EV 80.6 MPH) (infield hit) Jonathan Ellis to third
|
|
Batting: LHB Barrfhionn O'Toole
|
0-0: Called Strike 0-1: Swinging Strike 0-2: Foul Ball, location: 2F 0-2: Strikes out looking
|
|
Batting: RHB Ryan Pelletier
|
0-0: Ball Mike Alm steals 2nd base 1-0: Ball 2-0: Ball 3-0: Ground out 5-3 (Groundball, 56S, EV 90.0 MPH)
|
| Top of the 5th over - 1 run, 2 hits, 0 errors, 2 left on base; Arkansas 3 - Akron 1 |
| BOTTOM OF THE 5TH |
|
Akron RubberDucks batting - Pitching for Arkansas Travelers : RHP Erick Vazquez
|
|
Batting: RHB Eric Kuck
|
0-0: Ball 1-0: Foul Ball, location: 2F 1-1: Ball 2-1: Ball 3-1: Called Strike 3-2: Foul Ball, location: 2F 3-2: Fly out, F9 (Line Drive, 9D, EV 96.9 MPH)
|
|
Batting: RHB Greg Harden
|
0-0: Foul Ball, location: 2F 0-1: SINGLE (Line Drive, 89M, EV 112.5 MPH)
|
|
Batting: LHB Yasuo Igarashi
|
0-0: Swinging Strike 0-1: Ball 1-1: Swinging Strike 1-2: Ball 2-2: Strikes out swinging
|
|
Batting: SHB Arturo Baez
|
0-0: Called Strike 0-1: Called Strike 0-2: Strikes out looking
|
| Bottom of the 5th over - 0 runs, 1 hit, 0 errors, 1 left on base; Arkansas 3 - Akron 1 |
| TOP OF THE 6TH |
|
Arkansas Travelers batting - Pitching for Akron RubberDucks : RHP Fomio Tashima
|
|
Batting: RHB Jose Ramirez
|
0-0: Ground out 1-3 (Groundball, 15S, EV 73.1 MPH)
|
|
Batting: RHB Timoleon Tsikouna
|
0-0: Ball 1-0: Swinging Strike 1-1: Ball 2-1: Called Strike 2-2: Strikes out swinging
|
|
Batting: SHB Butch Brown
|
0-0: Called Strike 0-1: SOLO HOME RUN (Flyball, 9LD, EV 95.6 MPH), Distance : 348 ft
|
|
Batting: RHB Luis Romero
|
0-0: Foul Ball, location: 2F 0-1: Ball 1-1: Fly out, F7 (Line Drive, 7, EV 94.4 MPH)
|
| Top of the 6th over - 1 run, 1 hit, 0 errors, 0 left on base; Arkansas 4 - Akron 1 |
| BOTTOM OF THE 6TH |
|
Akron RubberDucks batting - Pitching for Arkansas Travelers : RHP Erick Vazquez
|
|
Batting: RHB Willie Gonzales
|
0-0: Ground out 4-3 (Groundball, 4, EV 85.0 MPH)
|
|
Batting: RHB Carlos Abrego
|
0-0: Swinging Strike 0-1: Swinging Strike 0-2: Ball 1-2: Strikes out looking
|
|
Batting: LHB Costodio Varino
|
0-0: Called Strike 0-1: Called Strike 0-2: Foul Ball, location: 2F 0-2: Ball 1-2: Foul Ball, location: 2F 1-2: Strikes out swinging
|
| Bottom of the 6th over - 0 runs, 0 hits, 0 errors, 0 left on base; Arkansas 4 - Akron 1 |
| TOP OF THE 7TH |
|
Arkansas Travelers batting - Pitching for Akron RubberDucks : RHP Fomio Tashima
|
|
Pitching: RHP Rainer Von Croy
|
|
|
Batting: LHB Justin Alexander
|
0-0: Ball 1-0: Ground out U3 (Groundball, 3L, EV 104.4 MPH)
|
|
Batting: RHB Jonathan Ellis
|
0-0: Ball 1-0: Called Strike 1-1: Swinging Strike 1-2: Strikes out looking
|
|
Batting: RHB Mike Alm
|
0-0: Called Strike 0-1: Foul Ball, location: 2F 0-2: Ball 1-2: Fly out, F7 (Flyball, 7D, EV 99.4 MPH)
|
| Top of the 7th over - 0 runs, 0 hits, 0 errors, 0 left on base; Arkansas 4 - Akron 1 |
| BOTTOM OF THE 7TH |
|
Akron RubberDucks batting - Pitching for Arkansas Travelers : RHP Erick Vazquez
|
|
Batting: LHB Justin Rankin
|
0-0: Ball 1-0: Called Strike 1-1: Ball 2-1: Ground out 3-1 (Groundball, 34, EV 80.6 MPH)
|
|
Batting: LHB Sam Ogg
|
0-0: Fly out, F7 (Flyball, 7S, EV 96.9 MPH)
|
|
Batting: RHB Eric Kuck
|
0-0: Called Strike 0-1: Ball 1-1: Ball 2-1: Foul Ball, location: 2F 2-2: Foul Ball, location: 2F 2-2: Foul Ball, location: 2F 2-2: Strikes out swinging
|
| Bottom of the 7th over - 0 runs, 0 hits, 0 errors, 0 left on base; Arkansas 4 - Akron 1 |
| TOP OF THE 8TH |
|
Arkansas Travelers batting - Pitching for Akron RubberDucks : RHP Rainer Von Croy
|
|
Batting: LHB Barrfhionn O'Toole
|
0-0: Ball 1-0: Called Strike 1-1: Ball 2-1: SINGLE (Line Drive, 34D, EV 93.8 MPH)
|
|
Batting: RHB Ryan Pelletier
|
0-0: Called Strike 0-1: Bunted foul 0-2: Foul Ball, location: 2F 0-2: Ball 1-2: Grounds into double play, 5-4-3 (Groundball, 56, EV 81.9 MPH)
|
|
Batting: RHB Jose Ramirez
|
0-0: Foul Ball, location: 2F 0-1: Foul Ball, location: 2F 0-2: Ball 1-2: Ball 2-2: Ball 3-2: Base on Balls
|
|
Batting: RHB Timoleon Tsikouna
|
0-0: Ball Jose Ramirez steals 2nd base 1-0: Called Strike 1-1: Swinging Strike 1-2: Ball 2-2: Ball 3-2: Base on Balls
|
|
Batting: SHB Butch Brown
|
0-0: Called Strike 0-1: Foul Ball, location: 2F 0-2: Ball 1-2: Ball 2-2: Ball 3-2: Foul Ball, location: 2F 3-2: Fly out, F9 (Flyball, 89S, EV 91.9 MPH)
|
| Top of the 8th over - 0 runs, 1 hit, 0 errors, 2 left on base; Arkansas 4 - Akron 1 |
| BOTTOM OF THE 8TH |
|
Akron RubberDucks batting - Pitching for Arkansas Travelers : RHP Erick Vazquez
|
|
Batting: RHB Greg Harden
|
0-0: Called Strike 0-1: Hit by Pitch
|
|
Pitching: LHP Jose Rivera
|
|
|
Batting: LHB Yasuo Igarashi
|
0-0: Ball 1-0: Ball 2-0: Foul Ball, location: 2F 2-1: Fly out, F8 (Line Drive, 8LM, EV 96.2 MPH)
|
|
Pitching: RHP Jake Bruen
|
|
|
Batting: SHB Arturo Baez
|
0-0: Foul Ball, location: 2F 0-1: Ball 1-1: Ball 2-1: Ball 3-1: Base on Balls Greg Harden to second
|
|
Batting: RHB Willie Gonzales
|
0-0: Ball 1-0: Called Strike 1-1: Ball 2-1: Fly out, F8 (Flyball, 8RM, EV 83.8 MPH)
|
|
Batting: RHB Carlos Abrego
|
0-0: Ball 1-0: Foul Ball, location: 2F 1-1: Swinging Strike 1-2: Foul Ball, location: 2F 1-2: Ball 2-2: Foul Ball, location: 2F 2-2: Ball 3-2: Foul Ball, location: 2F 3-2: Fly out, F8 (Flyball, 8RD, EV 104.4 MPH)
|
| Bottom of the 8th over - 0 runs, 0 hits, 0 errors, 2 left on base; Arkansas 4 - Akron 1 |
| TOP OF THE 9TH |
|
Arkansas Travelers batting - Pitching for Akron RubberDucks : RHP Rainer Von Croy
|
|
Pitching: RHP Zack Sharp
|
|
|
Batting: RHB Luis Romero
|
0-0: Called Strike 0-1: Ball 1-1: Swinging Strike 1-2: Strikes out looking
|
|
Batting: LHB Justin Alexander
|
0-0: Foul Ball, location: 2F 0-1: Ground out 4-3 (Groundball, 4, EV 87.5 MPH)
|
|
Batting: RHB Jonathan Ellis
|
0-0: Ball 1-0: Called Strike 1-1: Called Strike 1-2: Foul Ball, location: 2F 1-2: Foul Ball, location: 2F 1-2: Ball 2-2: Fly out, F6 (Popup, 56D, EV 75.0 MPH)
|
| Top of the 9th over - 0 runs, 0 hits, 0 errors, 0 left on base; Arkansas 4 - Akron 1 |
| BOTTOM OF THE 9TH |
|
Akron RubberDucks batting - Pitching for Arkansas Travelers : RHP Jake Bruen
|
|
Pitching: RHP Jason Smallwood
|
|
|
Batting: LHB Costodio Varino
|
0-0: Called Strike 0-1: Ball 1-1: Foul Ball, location: 2F 1-2: Fly out, F7 (Flyball, 7LM, EV 83.8 MPH)
|
|
Batting: LHB Justin Rankin
|
0-0: Ground out U3 (Groundball, 34, EV 81.9 MPH)
|
|
Batting: LHB Sam Ogg
|
0-0: Ball 1-0: Ball 2-0: Called Strike 2-1: Called Strike 2-2: Ball 3-2: Base on Balls
|
|
Batting: RHB Eric Kuck
|
0-0: Ball 1-0: Ball 2-0: Foul Ball, location: 2F 2-1: Ball 3-1: Base on Balls Sam Ogg to second
|
|
Batting: RHB Greg Harden
|
0-0: Ball 1-0: Ball 2-0: Ball 3-0: Called Strike 3-1: Foul Ball, location: 2F 3-2: Ground out 5-3 (Groundball, 5, EV 85.6 MPH)
|
| Bottom of the 9th over - 0 runs, 0 hits, 0 errors, 2 left on base; Arkansas 4 - Akron 1 |
|